 Dungeon Crawl Stone Soup version 0.30-a0-279-g4b46babb21 (webtiles) character file.

Game seed: 13258742125771411799

170 purpskrrrp the Shooter (level 5, 0/38 HPs)
             Began as a Formicid Hunter on Oct 16, 2022.
             Was an Initiate of the Shining One.
             Slain by Grinder (2 damage)
             ... on level 4 of the Dungeon.
             The game lasted 00:04:07 (2307 turns).

purpskrrrp the Shooter (Formicid Hunter)            Turns: 2307, Time: 00:04:08

Health: 0/38       AC:  7    Str: 16    XL:     5   Next: 80%
Magic:  5/5        EV: 12    Int: 14    God:    the Shining One [......]
Gold:   151        SH:  5    Dex: 19    Spells: 4/4 levels left

rFire   . . .      SeeInvis +    a - +0 shortbow
rCold   . . .      Faith    .    (no shield)
rNeg    . . .      Spirit   .    c - +0 leather armour
rPois   .          Reflect  +    (helmet unavailable)
rElec   .          Harm     .    (no cloak)
rCorr   .          Rampage  .    (no gloves)
Will    .....                    (no boots)
Stlth   +.........               h - amulet of reflection
HPRegen 0.26/turn                g - +4 ring of protection
MPRegen 0.09/turn                n - +6 ring of intelligence

@: glowing
A: permanent stasis, dig shafts and tunnels, antennae 3, four strong arms
a: Dig, Shaft Self, Renounce Religion


You were on level 4 of the Dungeon.
You worshipped the Shining One.
The Shining One was noncommittal.
You visited 1 branch of the dungeon, and saw 4 of its levels.

You collected 151 gold pieces.

Inventory:

Hand Weapons
 a - a +0 shortbow (weapon)
Missiles
 i - 5 silver javelins
Armour
 c - a +0 leather armour (worn)
Jewellery
 d - an amulet of magic regeneration
 g - a +4 ring of protection (left hand)
 h - an amulet of reflection (around neck)
 n - a +6 ring of intelligence (right hand)
Scrolls
 b - a scroll of immolation
 m - 3 scrolls of identify
Potions
 e - a potion of mutation {unknown}
 f - 2 potions of flight
 j - 2 potions of brilliance {unknown}
 k - 2 potions of heal wounds {unknown}
 l - 3 potions of curing {unknown}
 o - a potion of ambrosia {unknown}
 p - a potion of invisibility {unknown}
 q - a potion of magic {unknown}


   Skills:
 - Level 2.2 Fighting
 + Level 6.6 Ranged Weapons
 - Level 1.8 Dodging
 - Level 1.2 Stealth


You had 4 spell levels left.
You didn't know any spells.
Your spell library was empty.

Dungeon Overview and Level Annotations

Branches:
Dungeon (4/15)
 Temple: D:4-7

Altars:
The Shining One

Shops:
D:2 [

Annotations:
D:4 Grinder


Innate Abilities, Weirdness & Mutations

You cannot be hasted, slowed, berserked, paralysed or teleported.
You can dig through walls and to a lower floor.
You have a pair of large antennae on your head. (SInv)
Your four strong arms can wield two-handed weapons with a shield.


Message History

You shoot an arrow. The arrow hits Grinder.
Grinder is heavily wounded.
Grinder misses you.
You shoot an arrow. The arrow barely misses Grinder.
Grinder hits you! Grinder hits you but does no damage.
You are too injured to fight recklessly!
You are too injured to fight recklessly!
You are too injured to fight recklessly!
You are too injured to fight recklessly!
You are too injured to fight recklessly!
You are too injured to fight recklessly!
You are too injured to fight recklessly!
You are too injured to fight recklessly!
You are too injured to fight recklessly!
You are too injured to fight recklessly!
You are too injured to fight recklessly!
You are too injured to fight recklessly!
You are too injured to fight recklessly!
You are too injured to fight recklessly!
Non-targeted abil: Dig
Press: ? - help, Q - select action, (/) - cycle Dir - look around, f - activate
Okay, then.
Unknown command.
Unknown command.
Fire: a) +0 shortbow
Press: ? - help, Shift-Dir - straight line, f/p - Grinder
Aim: Grinder, carrying a wand of polymorph (9) (heavily wounded, 62% to hit)
You shoot an arrow. The arrow hits Grinder.
Grinder is severely wounded.
Grinder gestures at you. Pain shoots through your body!
* * * LOW HITPOINT WARNING * * *
Fire: a) +0 shortbow
Press: ? - help, Shift-Dir - straight line, f/p - Grinder
Aim: Grinder, carrying a wand of polymorph (9) (severely wounded, 62% to hit)
You shoot an arrow.
The arrow hits Grinder but does no damage.
Grinder is severely wounded.
Grinder hits you.
You die...

#......... ..
.#...#..... ..#.
..........##.... ..#
#............... ...#
#............... #..
#................. ..#
..................
..####.####....5@# #
.......##....##..#..##.
......###..#.#......>...
.....###..##............
......#..........#......
.............#..##......
.###........##..# ......
................# .....
..........>...... ##...


You could see Grinder.

Vanquished Creatures
  Natasha (thrice) (D:3)
  2 adders
  A worm (D:3)
  3 dart slugs
  7 bats
  2 endoplasms
  2 giant cockroaches
  13 goblins
  5 hobgoblins
  2 jackals (D:4)
  3 quokkas
  7 ball pythons
  3 frilled lizards
  7 kobolds
  6 rats
66 creatures vanquished.

Notes
Turn   | Place    | Note
-------+----------+-------------------------------------------
     0 | D:1      | purpskrrrp the Formicid Hunter began the quest for the Orb.
     0 | D:1      | Reached XP level 1. HP: 16/16 MP: 1/1
   521 | D:1      | Reached XP level 2. HP: 22/22 MP: 2/2
   956 | D:2      | Found Ymaisif's Antique Armour Shoppe.
   974 | D:2      | Reached XP level 3. HP: 20/27 MP: 3/3
  1031 | D:2      | Reached skill level 5 in Ranged Weapons
  1166 | D:2      | Identified the +6 mace "Alebyheu" {flame, Contam rPois rC+}
  1508 | D:3      | Reached XP level 4. HP: 33/33 MP: 4/4
  1771 | D:3      | Noticed Natasha
  1778 | D:3      | Killed Natasha
  1779 | D:3      | Reached skill level 6 in Ranged Weapons
  1779 | D:3      | Reached XP level 5. HP: 35/38 MP: 5/5
  1792 | D:3      | Found a glowing golden altar of the Shining One.
  1842 | D:3      | Became a worshipper of the Shining One
  1963 | D:3      | Noticed Natasha
  1966 | D:3      | Killed Natasha
  1986 | D:3      | Noticed Natasha
  1992 | D:3      | Killed Natasha
  2277 | D:4      | Noticed Grinder
  2307 | D:4      | Slain by Grinder

Illustrated notes

Levels and vault maps discovered:
D:1:      wander_arrival_fairy_ring, layout_basic, amcnicky_mini_pool_small
D:2:      layout_loops_ring, serial_shops, shop, nicolae_underground_beach
D:3:      layout_loops_ring, tso_oasis_becter, serial_bayou_lagoon_b,
          uniq_natasha
D:4:      layout_cave_pools, elyvilon_altar_1, uniq_pikel, uniq_grinder,
          uniq_blork_the_orc

Skill      XL: |  1  2  3  4 |
---------------+-------------+-----
Ranged Weapons | 5 6 |  6.6
Fighting       | |  2.2
Dodging        | |  1.8
Stealth        | |  1.2

Action                   |  1- 3 |  4- 6 || total
-------------------------+-------+-------++-------
 Fire: Shortbow          |    77 |    89 ||   166
 Abil: Dig               |     1 |     1 ||     2
  Use: Scroll            |     2 |       ||     2
Armor: Leather armour    |    15 |     5 ||    20
       Skin              |       |     1 ||     1
Dodge: Dodged            |    19 |    13 ||    32
Block: Other             |     9 |     8 ||    17
       Reflection        |       |     1 ||     1

Table legend: (Time is in decaauts)
 A = Elapsed time spent in this place.
 B = Non-inter-level travel time spent in this place.
 C = Inter-level travel time spent in this place.
 D = Time resting spent in this place.
 E = Time spent auto-exploring this place.
 F = Levels seen in this place.
 G = Mean time per level.
                   A        B        C        D        E       F      G
               +--------+--------+--------+--------+--------+-----+--------+
         Total |   2370 |   2197 |    173 |     19 |   1790 |   4 |  592.5 |
       Dungeon |   2370 |   2197 |    173 |     19 |   1790 |   4 |  592.5 |
               +--------+--------+--------+--------+--------+-----+--------+

Top non-repeatable levels by time:
     D:1: 935 daAuts
     D:3: 716 daAuts
     D:2: 591 daAuts
     D:4: 127 daAuts
